 Dungeon Crawl Stone Soup version 0.30-a0-782-ge64f9170bb (webtiles) character file.

Game seed: 11553356438649139605

114 epen the Grasshopper (level 4, -10/38 HPs)
             Began as a Gnoll Warper on Feb 24, 2023.
             Mangled by an ogre
             ... wielding a +0 giant spiked club
              (29 damage)
             ... on level 3 of the Dungeon.
             The game lasted 00:03:55 (2776 turns).

epen the Grasshopper (Gnoll Warper)                 Turns: 2776, Time: 00:03:56

Health: -10/38     AC:  5    Str: 10    XL:     4   Next: 97%
Magic:  11/11      EV: 13    Int: 12    God:
Gold:   148        SH:  0    Dex: 14    Spells: 13/13 levels left

rFire   . . .      SeeInvis .    e - +0 long sword
rCold   . . .      Faith    .    (no shield)
rNeg    . . .      Spirit   .    b - +0 leather armour
rPois   +          Reflect  .    (no helmet)
rElec   .          Harm     .    (no cloak)
rCorr   +          Rampage  .    (no gloves)
Will    .....                    f - +1 pair of boots
Stlth   ++                       (no amulet)
HPRegen 0.26/turn                m - ring of resist corrosion
MPRegen 0.12/turn                n - ring of poison resistance

@: no status effects
A: fangs 1, strong nose, distributed training
a: no special abilities


You were on level 3 of the Dungeon.
You visited 1 branch of the dungeon, and saw 3 of its levels.

You collected 148 gold pieces.

Inventory:

Hand Weapons
 a - a +0 falchion
 e - a +0 long sword (weapon)
Armour
 b - a +0 leather armour (worn)
 f - a +1 pair of boots (worn)
Jewellery
 m - a ring of resist corrosion (left hand)
 n - a ring of poison resistance (right hand)
 r - a ring of wizardry
Scrolls
 c - a scroll of blinking
 h - a scroll of identify
 o - a scroll of acquirement {unknown}
 p - a scroll of brand weapon {unknown}
 s - 2 scrolls of amnesia {unknown}
Potions
 g - 3 potions of curing
 i - a potion of lignification {unknown}
 k - a potion of heal wounds {unknown}
 l - a potion of might {unknown}
 q - a potion of mutation {unknown}


   Skills:
 + Level 4.7 Fighting
 + Level 1.3 Short Blades
 + Level 4.7 Long Blades
 + Level 1.3 Axes
 + Level 1.3 Maces & Flails
 + Level 1.3 Polearms
 + Level 1.3 Staves
 + Level 1.3 Ranged Weapons
 + Level 2.9 Throwing
 + Level 2.9 Armour
 + Level 4.7 Dodging
 + Level 1.3 Stealth
 + Level 1.3 Shields
 + Level 1.3 Unarmed Combat
 + Level 5.1 Spellcasting
 + Level 1.1 Conjurations
 + Level 1.1 Hexes
 + Level 1.1 Summonings
 + Level 1.1 Necromancy
 + Level 5.5 Translocations
 + Level 1.1 Transmutations
 + Level 1.1 Fire Magic
 + Level 1.1 Ice Magic
 + Level 1.1 Air Magic
 + Level 1.1 Earth Magic
 + Level 1.1 Poison Magic
 + Level 1.5 Invocations
 + Level 1.3 Evocations


You had 13 spell levels left.
You didn't know any spells.
Your spell library contained the following spells:

 Spells                   Type           Power      Damage    Failure   Level
 Blink                    Tloc           32%        N/A       4%          2
 Lesser Beckoning         Tloc           32%        N/A       4%          2
 Teleport Other           Tloc           16%        N/A       9%          3
 Vhi's Electric Charge    Tloc/Air       22%        N/A       21%         3
 Manifold Assault         Tloc           16%        N/A       26%         4
 Arcjolt                  Conj/Air       2%         1d12      99%         5
 Maxwell's Capacitive Co  Air            2%         ∞         100%        8


Dungeon Overview and Level Annotations

Branches:
Dungeon (3/15)

Altars:

Shops:
D:1 (


Innate Abilities, Weirdness & Mutations

You have very sharp teeth.
Your uncanny sense of smell can sniff out nearby items.
Your experience applies equally to all skills.


Message History

The goblin unwields a +0 club.
The goblin wields a +0 sling.
The goblin shoots a sling bullet.
The sling bullet closely misses you.
The goblin shouts!
Things that are here:
a +0 dagger; a goblin corpse The goblin attacks as you move away!
The goblin hits you but does no damage.
Things that are here:
a +0 dagger; a +0 dagger; a goblin corpse You closely miss the goblin.
The goblin closely misses you.
You slash the goblin!
You kill the goblin!
You miss the goblin. The goblin hits you but does no damage.
You closely miss the goblin. The goblin hits you but does no damage.
You closely miss the goblin. The goblin hits you but does no damage.
You barely miss the goblin. The goblin misses you.
The goblin hits you but does no damage.
You closely miss the goblin. The goblin barely misses you.
You hit the goblin.
You kill the goblin!
You hit the goblin but do no damage. The goblin barely misses you.
You hit the goblin.
The goblin is moderately wounded.
The goblin hits you but does no damage.
Okay, then.
You slash the goblin!
You kill the goblin!
Throw: throwing net
Press: ? - help, Q - select action Shift-Dir - straight line, f - ogre
Aim: an ogre, wielding a +0 giant spiked club (76% to hit)
You throw a throwing net.
The throwing net barely misses the ogre.
The ogre hits you with a +0 giant spiked club!
You aren't carrying any items that you can evoke.
You hit the ogre but do no damage.
The ogre hits you with a +0 giant spiked club.
You slash the ogre!
The ogre is moderately wounded.
The ogre hits you with a +0 giant spiked club!!
Ouch! That really hurt!
You die...

#...'....# #.......
#...##...# #.......
##...[#...# #.......
#...g.###.# #.....[.
#'###.###.# #.....## #.g
#†)(#.#######..†### #..∆
###.#.......'...#
###.g∆####O#########...#
###.#####.##@# ########
#.+.......##.######......#
#.#.......##......'......#
#.............#####......#
###.#########.# #.######
#.# #.# #....# #.# #.#
####.# #.# #######.# #.#
#.# #.......# #.#


You could see an ogre.

Vanquished Creatures
  2 adders (D:2)
  3 gnolls (D:3)
  An orc (D:3)
  7 ball pythons
  4 endoplasms
  3 giant cockroaches
  3 hobgoblins
  6 jackals (D:1)
  3 quokkas
  8 bats
  4 frilled lizards
  8 goblins
  4 kobolds (D:1)
  7 rats
63 creatures vanquished.

Notes
Turn   | Place    | Note
-------+----------+-------------------------------------------
     0 | D:1      | epen the Gnoll Warper began the quest for the Orb.
     0 | D:1      | Reached XP level 1. HP: 20/20 MP: 6/6
   351 | D:1      | Reached XP level 2. HP: 26/26 MP: 7/7
   702 | D:1      | Found Ushet's Weapon Emporium.
   712 | D:1      | Reached skill level 5 in Spellcasting
   712 | D:1      | Reached XP level 3. HP: 31/31 MP: 7/9
  1351 | D:2      | Reached skill level 1 in Invocations
  1630 | D:2      | Reached skill level 1 in Short Blades
  1630 | D:2      | Reached skill level 1 in Axes
  1630 | D:2      | Reached skill level 1 in Maces & Flails
  1630 | D:2      | Reached skill level 1 in Polearms
  1630 | D:2      | Reached skill level 1 in Staves
  1630 | D:2      | Reached skill level 1 in Ranged Weapons
  1630 | D:2      | Reached skill level 1 in Stealth
  1630 | D:2      | Reached skill level 1 in Shields
  1630 | D:2      | Reached skill level 1 in Unarmed Combat
  1630 | D:2      | Reached skill level 1 in Evocations
  1707 | D:2      | Reached XP level 4. HP: 33/38 MP: 11/11
  1943 | D:3      | Reached skill level 1 in Conjurations
  1943 | D:3      | Reached skill level 1 in Hexes
  1943 | D:3      | Reached skill level 1 in Summonings
  1943 | D:3      | Reached skill level 1 in Necromancy
  1943 | D:3      | Reached skill level 1 in Transmutations
  1943 | D:3      | Reached skill level 1 in Fire Magic
  1943 | D:3      | Reached skill level 1 in Ice Magic
  1943 | D:3      | Reached skill level 1 in Air Magic
  1943 | D:3      | Reached skill level 1 in Earth Magic
  1943 | D:3      | Reached skill level 1 in Poison Magic
  2728 | D:3      | Noticed an ogre
  2776 | D:3      | Mangled by an ogre

Illustrated notes

Levels and vault maps discovered:
D:1:      minmay_arrival_widening_spiral_narrow, layout_basic, serial_shops,
          nicolae_shop_bloodbath_and_beyond, minmay_split_cup_small
D:2:      layout_basic
D:3:      layout_basic, minmay_ogre_servants

Skill      XL: |  1  2  3  4 |
---------------+-------------+-----
Spellcasting   | 5 |  5.1
Invocations    | 1 |  1.5
Short Blades   | 1 |  1.3
Axes           | 1 |  1.3
Maces & Flails | 1 |  1.3
Polearms       | 1 |  1.3
Staves         | 1 |  1.3
Ranged Weapons | 1 |  1.3
Stealth        | 1 |  1.3
Shields        | 1 |  1.3
Unarmed Combat | 1 |  1.3
Evocations     | 1 |  1.3
Conjurations   | 1 |  1.1
Hexes          | 1 |  1.1
Summonings     | 1 |  1.1
Necromancy     | 1 |  1.1
Transmutations | 1 |  1.1
Fire Magic     | 1 |  1.1
Ice Magic      | 1 |  1.1
Air Magic      | 1 |  1.1
Earth Magic    | 1 |  1.1
Poison Magic   | 1 |  1.1
Fighting       | |  4.7
Long Blades    | |  4.7
Throwing       | |  2.9
Armour         | |  2.9
Dodging        | |  4.7
Translocations | |  5.5

Action                     |  1- 3 |  4- 6 || total
---------------------------+-------+-------++-------
  Melee: Falchion          |    24 |       ||    24
         Long sword        |    90 |    83 ||   173
         Bite              |    12 |     5 ||    17
         Punch             |     2 |     1 ||     3
  Throw: Boomerang         |     2 |     5 ||     7
         Throwing net      |       |     1 ||     1
    Use: Scroll            |     4 |     2 ||     6
 Armour: Leather armour    |    37 |    22 ||    59
  Dodge: Dodged            |   112 |    72 ||   184

Table legend: (Time is in decaauts)
 A = Elapsed time spent in this place.
 B = Non-inter-level travel time spent in this place.
 C = Inter-level travel time spent in this place.
 D = Time resting spent in this place.
 E = Time spent auto-exploring this place.
 F = Levels seen in this place.
 G = Mean time per level.
                   A        B        C        D        E       F      G
               +--------+--------+--------+--------+--------+-----+--------+
         Total |   2806 |   2744 |     62 |    118 |   2125 |   3 |  935.3 |
       Dungeon |   2806 |   2744 |     62 |    118 |   2125 |   3 |  935.3 |
               +--------+--------+--------+--------+--------+-----+--------+

Top non-repeatable levels by time:
     D:1: 1103 daAuts
     D:3: 871 daAuts
     D:2: 830 daAuts
